 Dungeon Crawl Stone Soup version 0.29.0-4-gdea44cf6ec (webtiles) character file.

Game seed: 12140501124635402198

1591 Bartlander the Skirmisher (level 8, -10/58 HPs)
             Began as a Barachi Hunter on Aug 27, 2022.
             Was an Initiate of Ashenzari.
             Killed from afar by a steam dragon (19 damage)
             ... with a ball of steam
             ... on level 7 of the Dungeon.
             The game lasted 00:56:51 (9066 turns).

Bartlander the Skirmisher (Barachi Hunter)          Turns: 9066, Time: 00:56:51

Health: -10/58     AC:  6    Str: 12    XL:     8   Next: 93%
Magic:  8/8        EV: 15    Int: 10    God:    Ashenzari [......]
Gold:   457        SH:  0    Dex: 18    Spells: 7/7 levels left

rFire   . . .      SeeInvis .   a - +1 shortbow
rCold   . . .      Faith    .   (shield currently unavailable)
rNeg    . . .      Spirit   .   f - +0 ring mail
rPois   .          Reflect  .   (no helmet)
rElec   .          Harm     .   (no cloak)
rCorr   .          Rampage  .   p - +0 pair of gloves
Will    .....                   (no boots)
Stlth   ++........              (no amulet)
HPRegen 0.19/turn               l - ring "Share My Submission" {EV+4, Bglg, Cun} (curse)
MPRegen 0.11/turn               (no ring)

@: about to teleport, unable to hop, slow
A: amphibious, slowness 1, strong legs 1, +LOS
a: Hop, Renounce Religion, Shatter the Chains


You were on level 7 of the Dungeon.
You worshipped Ashenzari.
Ashenzari was noncommittal.
You visited 2 branches of the dungeon, and saw 8 of its levels.

You collected 457 gold pieces.

Inventory:

Hand Weapons
 a - a +1 shortbow (weapon)
 t - a +3 long sword
Missiles
 j - 2 throwing nets
Armour
 c - a +0 leather armour
 f - a +0 ring mail (worn)
 p - a +0 pair of gloves (worn)
 s - a +0 chain mail
Jewellery
 d - a ring of fire
 k - a ring of wizardry
 l - the cursed ring "Share My Submission" (left hand) {EV+4, Bglg, Cun}
   (You found it on level 3 of the Dungeon)

   [ring of evasion]

   EV:        It affects your evasion (+4).
   It has a curse which improves the following skills: Beguiling: Conjurations,
   Hexes and Translocations.
   Cunning:   Dodging and Stealth.
 q - a ring of wizardry
Wands
 i - a wand of paralysis (12)
 r - a wand of flame (8)
Scrolls
 b - 2 scrolls of immolation
 e - 2 scrolls of teleportation
 h - 2 scrolls of noise
Potions
 g - 3 potions of mutation
 m - 2 potions of flight
 o - 3 potions of degeneration
 u - a potion of magic {unknown}


   Skills:
 - Level 3.0 Fighting
 + Level 11.3 Ranged Weapons
 - Level 2.7(3.1) Dodging
 - Level 1.6(2.0) Stealth


You had 7 spell levels left.
You didn't know any spells.
Your spell library contained the following spells:

 Spells                   Type           Power      Damage    Failure   Level
 Apportation              Tloc           0%         N/A       65%         1
 Magic Dart               Conj           0%         1d3       65%         1
 Necrotise                Necr           0%         1d4       65%         1
 Summon Small Mammal      Summ           0%         N/A       65%         1
 Searing Ray              Conj           0%         2d4       78%         2
 Summon Guardian Golem    Hex/Summ       0%         N/A       95%         3
 Fulminant Prism          Conj/Hex       0%         3d6       100%        4
 Orb of Destruction       Conj           0%         9d5       100%        7
 Spellforged Servitor     Conj/Summ      0%         N/A       100%        7


Dungeon Overview and Level Annotations

Branches:
Dungeon (7/15)             Temple (1/1) D:5

Altars:
Ashenzari
Cheibriados
Dithmenos
Elyvilon
Fedhas
Gozag
Hepliaklqana
Makhleb
Nemelex Xobeh
Okawaru
Ru
Trog
Uskayaw
Vehumet
Wu Jian
Xom
Zin
The Shining One

Shops:
D:3 (


Innate Abilities, Weirdness & Mutations

You are amphibious.
You cover ground slowly.
You can hop short distances.
You have an extended range of vision and can be seen from far away.


Message History

Aim: a steam dragon (moderately wounded, 68% to hit)
You shoot an arrow.
The arrow hits the steam dragon but does no damage.
The steam dragon is moderately wounded.
Fire: a) +1 shortbow
Press: ? - help, Q - select action, (/) - cycle Shift-Dir - straight line, f/p - steam dragon
Aim: a steam dragon (moderately wounded, 68% to hit)
You shoot an arrow.
The arrow barely misses the steam dragon.
The steam dragon barely misses you. The steam dragon closely misses you.
Fire: a) +1 shortbow
Press: ? - help, Q - select action, (/) - cycle Shift-Dir - straight line, f/p - steam dragon
Aim: a steam dragon (moderately wounded, 68% to hit)
You shoot an arrow.
The arrow barely misses the steam dragon.
The steam dragon bites you. The steam dragon misses you.
Fire: a) +1 shortbow
Press: ? - help, Q - select action, (/) - cycle Shift-Dir - straight line, f/p - steam dragon
Aim: a steam dragon (moderately wounded, 68% to hit)
You shoot an arrow.
The arrow closely misses the steam dragon.
The steam dragon breathes steam at you. The ball of steam hits you!
You hear a shout! x2
As you read the scroll of teleportation, it crumbles to dust.
You feel strangely unstable.
You are engulfed in a cloud of scalding steam.
The steam dragon bites you.
* * * LOW HITPOINT WARNING * * *
The steam dragon closely misses you.
Fire: a) +1 shortbow
Press: ? - help, Q - select action, (/) - cycle Shift-Dir - straight line, f/p - steam dragon
Aim: a steam dragon (moderately wounded, 68% to hit)
You shoot an arrow. The arrow hits the steam dragon.
The steam dragon is heavily wounded.
You are engulfed in a cloud of scalding steam.
* * * LOW HITPOINT WARNING * * *
The steam dragon breathes steam at you. The ball of steam hits you!!
You die...

#.#.########
#.#.........
#.##########
#.#########
#..........
#..########## ..
#............ ....
#..###########.....$
#...ยงยง@D.).)........
###############...!.
..


You could see a steam dragon (catching breath).

Vanquished Creatures
  Sigmund (D:2)
  A sky beast (D:5)
  An ogre (D:4)
  A centaur (D:5)
  A phantom (D:5)
  2 kobold brigands
  2 scorpions (D:4)
  4 wights
  5 hounds
  3 jellies
  A gnoll bouda (Temple)
  An iguana (D:5)
  Ijyb (D:4)
  2 orc wizards
  8 gnolls
  9 adders
  A shadow imp (D:5)
  2 ufetubi
  3 worms
  5 dart slugs
  8 orcs
  7 ball pythons
  6 endoplasms
  2 giant cockroaches (D:2)
  4 goblins
  8 hobgoblins
  4 jackals (D:1)
  7 quokkas
  3 bats
  A frilled lizard (D:1)
  11 kobolds
  7 rats
122 creatures vanquished.

Notes
Turn   | Place    | Note
-------+----------+-------------------------------------------
     0 | D:1      | Bartlander the Barachi Hunter began the quest for the Orb.
     0 | D:1      | Reached XP level 1. HP: 17/17 MP: 1/1
    49 | D:1      | Reached skill level 1 in Stealth
    65 | D:1      | Reached XP level 2. HP: 17/23 MP: 2/2
   492 | D:1      | Reached XP level 3. HP: 28/28 MP: 3/3
   991 | D:2      | Noticed Sigmund
  1193 | D:2      | Found a faded altar of an unknown god.
  1723 | D:2      | Reached XP level 4. HP: 33/35 MP: 4/4
  2070 | D:3      | Reached skill level 5 in Ranged Weapons
  2289 | D:3      | Found Qoryusmapy's Weapon Shoppe.
  2389 | D:3      | Reached XP level 5. HP: 37/41 MP: 5/5
  2883 | D:4      | Reached skill level 6 in Ranged Weapons
  3050 | D:4      | Noticed an ogre
  3062 | D:4      | Killed an ogre
  3063 | D:4      | Reached XP level 6. HP: 11/47 MP: 6/6
  3485 | D:4      | Noticed Ijyb
  3495 | D:4      | Killed Ijyb
  3496 | D:4      | Reached skill level 7 in Ranged Weapons
  3875 | D:4      | Found a burning altar of Makhleb.
  4152 | D:5      | Entered Level 5 of the Dungeon
  4226 | D:5      | Reached skill level 8 in Ranged Weapons
  4226 | D:5      | Reached XP level 7. HP: 18/52 MP: 7/7
  5196 | D:5      | Reached skill level 9 in Ranged Weapons
  5238 | D:5      | Found a hide-covered altar of Uskayaw.
  5238 | D:5      | Found a glowing golden altar of the Shining One.
  5240 | D:5      | Found a broken altar of Ashenzari.
  5397 | D:5      | Found a staircase to the Ecumenical Temple.
  5405 | Temple   | Entered the Ecumenical Temple
  5714 | Temple   | Reached XP level 8. HP: 36/58 MP: 8/8
  5981 | D:5      | Became a worshipper of Ashenzari the Shackled
  6040 | D:5      | Found a sparkling altar of Nemelex Xobeh.
  6631 | D:2      | Killed Sigmund
  6759 | D:6      | Found an iron altar of Okawaru.
  6917 | D:6      | Reached skill level 10 in Ranged Weapons
  7589 | D:6      | Paralysed by a kobold brigand for 5 turns
  7604 | D:6      | Paralysed by a kobold brigand for 5 turns
  8819 | D:6      | Reached skill level 11 in Ranged Weapons
  9066 | D:7      | Killed from afar by a steam dragon

Illustrated notes

Levels and vault maps discovered:
D:1:      dpeg_arrival_water_temple_mockup, layout_basic
D:2:      layout_basic, shapermc_ecumenical_altar_ellora, uniq_sigmund
D:3:      layout_loops_ring, serial_shops, nicolae_shop_stone
D:4:      layout_basic, mainiacjoe_overflow_boulevard, st_stairs_14, uniq_ijyb
D:5:      layout_layer_cave, nemelex_diamond_rough_becter, minitemple,
          minmay_temple_entry_large_hall
D:6:      nicolae_cairo_tiling_large, layout_basic, okawaru_ov_weapons_minmay
D:7:      layout_basic, lemuel_crystal_altar, serial_glass, glass_columns_a,
          glass_columns_c, kennysheep_crisscross
Temple:   nicolae_temple_figure_eight

Skill      XL: |  1  2  3  4  5  6  7  8 |
---------------+-------------------------+-----
Stealth        | 1 |  1.6
Fighting       | 3 |  3.0
Ranged Weapons | 5 6 8 9 11 | 11.3
Dodging        | |  2.7

Action                   |  1- 3 |  4- 6 |  7- 9 || total
-------------------------+-------+-------+-------++-------
 Fire: Shortbow          |    93 |   175 |   300 ||   568
Invok: Curse Item        |       |       |     1 ||     1
 Abil: Hop               |     2 |     6 |     6 ||    14
  Use: Scroll            |     5 |     4 |     9 ||    18
       Potion            |       |     2 |     3 ||     5
Armor: Leather armour    |     9 |     5 |       ||    14
       Ring mail         |       |    10 |    24 ||    34
       Skin              |       |       |    16 ||    16
Dodge: Dodged            |    35 |    54 |   105 ||   194
